AoeStats
← bullseyes

Nomad

505857647Analyzed
4v4 RM · 22d ago on Sep 11, 2026· 39m 53s· 8 players
Game mode
Random Map
Map size
231×231
Population
200
Speed
Normal
Resources
Standard
Victory
Conquest
Starting age
Dark Age
Ending age
Imperial Age
RankedLock teamsTeams togetherTeam positionsShared explorationLock speedFull tech treeHidden civsTurbo modeCheats
Victory
Defeat
🇨🇳 Dravidians · China
1741
+10
🇨🇳 Georgians · China
1676
+12
🇮🇳 Persians · India
1655
+13
🇨🇳 Maya · China
1598
+15
🇬🇧 Spanish · United Kingdom
1648
-15
🇧🇪 Vikings · Belgium
1605
-13
🇺🇸 Koreans · United States
1579
-12
🇨🇳 Dravidians · China
1527
-10
Bz_青红
4:43 Loom
12:57 Feudal Age
18:37 Castle Age
18:18 Double-Bit Axe
18:43 Town Watch
19:28 Medium Warships
19:40 Bow Saw
22:12 Horse Collar
24:06 Heavy Plow
29:15 Fletching
30:01 Wheelbarrow
33:30 Imperial Age
31:53 Scale Mail Armor
32:45 Eagle Warrior
33:43 Chain Mail Armor
34:55 Elite Eagle Warrior
37:16 Plate Mail Armor
38:38 Holcans
39:26 Squires
39:13 Arson
爱种田的太奶
8:44 Loom
11:39 Feudal Age
11:45 Man-at-Arms
13:45 Fletching
15:29 Arson
18:19 Town Watch
22:57 Castle Age
21:38 Double-Bit Axe
21:37 Horse Collar
23:06 Long Swordsman
23:48 Scale Mail Armor
24:01 Gambesons
25:24 Chain Mail Armor
27:19 Forging
28:36 Squires
28:56 Bow Saw
34:19 Guard Tower
38:41 Ballistics
38:19 Bodkin Arrow
40:33 Wheelbarrow
天琴弦
11:19 Loom
13:43 Feudal Age
14:36 Double-Bit Axe
17:28 Castle Age
16:12 Forging
16:03 Gold Mining
15:56 Fishing Lines
18:09 Medium Warships
23:37 Wheelbarrow
23:50 Horse Collar
27:15 Heavy Plow
30:34 Hand Cart
30:04 Town Watch
33:13 Imperial Age
31:20 Scale Barding Armor
32:48 Gold Shaft Mining
33:07 Bow Saw
33:53 Bloodlines
33:43 Husbandry
33:05 Cavalier
34:02 Husbandry
34:23 Chain Barding Armor
34:39 Iron Casting
36:47 Plate Barding Armor
37:22 Savar
39:05 Blast Furnace
tim.13
5:06 Loom
12:52 Feudal Age
13:49 Double-Bit Axe
20:03 Fishing Lines
21:48 Horse Collar
23:11 Fletching
31:32 Castle Age
31:08 Stone Mining
boo
12:50 Feudal Age
13:21 Double-Bit Axe
18:05 Castle Age
19:04 Bow Saw
20:38 Wheelbarrow
23:31 Loom
28:28 Stone Mining
37:49 Imperial Age
36:01 Gold Mining
36:28 Masonry
36:52 Husbandry
37:41 Fletching
39:23 Cavalier
JustAGecko
10:33 Loom
12:46 Feudal Age
24:15 Castle Age
25:36 Double-Bit Axe
36:17 Padded Archer Armor
37:33 Wheelbarrow
37:48 Leather Archer Armor
38:44 Horse Collar
39:18 Bow Saw
Ren
10:08 Loom
12:13 Feudal Age
12:50 Double-Bit Axe
15:17 Wheelbarrow
15:02 Fletching
15:33 Padded Archer Armor
17:38 Horse Collar
23:15 Castle Age
22:03 Gold Mining
22:43 Town Watch
23:24 Stone Mining
24:16 Medium Warships
24:03 Bodkin Arrow
25:14 Bow Saw
25:05 Heavy Plow
25:36 Leather Archer Armor
28:55 Ballistics
34:16 Hand Cart
36:01 Thumb Ring
40:39 Imperial Age
39:38 Forging
bullseyes
6:17 Loom
13:07 Feudal Age
11:54 Loom
16:54 Castle Age
24:46 Horse Collar
Connection lost

Rejoining the realm…

Still unreachable

The connection could not be restored.

Session expired

The server has moved on; the page needs a fresh start.